 Dungeon Crawl Stone Soup version 0.32-a0-5-gbffa963729 (webtiles) character file.

Game seed: 691545907199332438

2825 seren the Ruffian (level 9, -12/59 HPs)
             Began as an Octopode Shapeshifter on Jan 13, 2024.
             Was a Believer of Nemelex Xobeh.
             Mangled by a hornet (13 damage)
             ... on level 7 of the Dungeon.
             The game lasted 00:29:16 (8403 turns).

seren the Ruffian (Octopode Shapeshifter)           Turns: 8403, Time: 00:29:17

Health: -12/59     AC:  5    Str: 17    XL:     9   Next: 73%
Magic:  0/11       EV: 23    Int: 13    God:    Nemelex Xobeh [**....]
Gold:   460        SH:  0    Dex: 11    Spells: 8/8 levels left

rFire   + .          .
                       - Unarmed
rCold   . . .        (shield currently unavailable)
rNeg    . . .        (helmet restricted)
rPois   .            E - amulet of guardian spirit
rElec   .            s - +4 ring of protection
rCorr   .            t - ring of see invisible
SInv    +            u - ring of protection from fire
Will    +....        F - +5 ring of evasion
Stlth   ++           I - ring of willpower
HPRegen 0.29/turn    (no ring)
MPRegen 0.12/turn    (no ring)
                     (no ring)

%: guardian spirit
@: lethally poisoned (-12 -> -19), flux-form, slowed, glowing, very slow
A: glow, contaminating, reduced hp, almost no armour, amphibious, 8 rings,
camouflage 1, gelatinous body 1, (nimble swimmer 1), tentacles
a: Begin Untransformation, Renounce Religion, Draw Escape, Draw Destruction,
Draw Summoning


You were on level 7 of the Dungeon.
You worshipped Nemelex Xobeh.
Nemelex Xobeh was pleased with you.
You were something dangerously unstable.
You visited 2 branches of the dungeon, and saw 9 of its levels.
You also visited: Sewer.

You collected 460 gold pieces.

Inventory:

Missiles
 f - 12 javelins
 m - 3 boomerangs
 x - a curare-tipped dart
 z - 9 poisoned darts (quivered)
 A - 6 atropa-tipped darts
Magical Staves
 h - a staff of earth
Jewellery
 s - a +4 ring of protection (left tentacle)
 t - a ring of see invisible (right tentacle)
 u - a ring of protection from fire (on tentacle)
 E - an amulet of guardian spirit (around mantle)
 F - a +5 ring of evasion (on tentacle)
 I - a ring of willpower (on tentacle)
Talismans
 b - a beast talisman
 c - a flux talisman (active)
Wands
 i - a wand of roots (21)
Scrolls
 e - a scroll of poison
 g - a scroll of fear {unknown}
 l - 2 scrolls of immolation {unknown}
 n - a scroll of noise {unknown}
 o - 2 scrolls of enchant weapon
 p - 2 scrolls of teleportation {!r}
 q - a scroll of torment {unknown}
 w - a scroll of revelation {unknown}
 y - a scroll of enchant armour {unknown}
 B - a scroll of amnesia {unknown}
 C - a scroll of butterflies {unknown}
 D - a scroll of fog {unknown}
 G - a scroll of acquirement {unknown}
Potions
 a - 2 potions of cancellation {unknown}
 d - 2 potions of heal wounds
 j - 3 potions of enlightenment
 k - a potion of resistance {unknown}
 r - 2 potions of curing {unknown}
 v - a potion of attraction {unknown}
 H - a potion of lignification
 J - a potion of brilliance {unknown}


   Skills:
 - Level 5.0 Fighting
 + Level 5.9 Dodging
 - Level 6.0 Stealth
 * Level 6.8 Unarmed Combat
 + Level 2.8 Invocations
 + Level 2.3 Evocations
 * Level 6.7 Shapeshifting


You had 8 spell levels left.
You didn't know any spells.
Your spell library contained the following spells:

 Spells                   Type           Power      Damage    Failure   Level
 Frozen Ramparts          Ice            0%         1d1       67%         3
 Hailstorm                Conj/Ice       0%         3d5       67%         3
 Summon Ice Beast         Ice/Summ       0%         N/A       67%         3
 Leda's Liquefaction      Alch/Erth      0%         N/A       97%         4
 Petrify                  Alch/Erth      0%         N/A       97%         4
 Metabolic Englaciation   Hex/Ice        0%         N/A       100%        5
 Sculpt Simulacrum        Ice/Alch       0%         N/A       100%        6


Dungeon Overview and Level Annotations

Branches:
Dungeon (8/15)             Temple (1/1) D:4           Sewer (visited)
   Lair: D:8-11

Altars:
Cheibriados
Dithmenos
Elyvilon
Fedhas
Gozag
Hepliaklqana
Kikubaaqudgha
Makhleb
Nemelex Xobeh
Okawaru
Qazlal
Ru
Sif Muna
Trog
Uskayaw
Vehumet
Wu Jian
Xom
Zin
The Shining One


Innate Abilities, Weirdness & Mutations

You are something dangerously unstable.
You glow with magical radiation, making you easy to see and hit.
Foes you strike become dangerously contaminated with magical radiation.
Your maximum health is decreased, since you lack skill for your form.
You are incapable of wielding weapons or throwing items.
You cannot wear most types of armour.
You are amphibious.
You can wear up to eight rings at the same time.
Your skin changes colour to match your surroundings (Stealth+).
Your rubbery body absorbs attacks. (AC +1, EV +1)
((You are camouflaged when in or above water. (Stealth+)))
You have tentacles for arms and can constrict up to eight enemies at once.


Message History

A mysterious force pulls you upwards. The hatch slams shut behind you.
You feel sick.
You feel much better.
You feel sick. The hornet stings you!
* * * LOW HITPOINT WARNING * * *
You feel as though you will be slow longer.
The shadow barely misses you. The hornet stings you.
* * * LOW HITPOINT WARNING * * *
You suddenly lose the ability to move!
You feel sick.
You are no longer poisoned.
The hornet stings you.
* * * LOW HITPOINT WARNING * * *
You feel as though you will be slow longer.
The shadow hits you.
* * * LOW HITPOINT WARNING * * *
The hornet stings you!
* * * LOW HITPOINT WARNING * * *
You feel as though you will be slow longer.
The shadow slips into darkness.
The shadow flickers and vanishes for a moment.
The hornet stings you.
* * * LOW HITPOINT WARNING * * *
You feel as though you will be slow longer.
You can move again.
The air fills with toxic fumes!
As you read the scroll labelled RUALOMUWOHEA, it crumbles to dust.
It was a scroll of poison.
The hornet misses you. The shadow misses you. The hornet stings you.
* * * LOW HITPOINT WARNING * * *
You are lethally poisoned!
You feel as though you will be slow longer.
The shadow misses you.
Okay, then.
You draw a card...
You have drawn the Elements.
The deck of cards glows with a rainbow of weird colours and disappears.
* * * LOW HITPOINT WARNING * * *
You feel very sick. The hornet barely misses you. The hornet stings you!
You die...
Your body glows slightly brighter and disappears.

#################
........)[[...§§#
###############§#
#§# #§# #§## #9h#
##y# #p# #W# #Y#
##### #§# ....#
#§# ###.# #§# #.#
#§# #.# #§# #.#
#.#


You could see a hornet (ally target), a shadow (invisible), a friendly
catoblepas (summoned), a friendly polar bear (summoned) and a friendly molten
gargoyle (summoned).

Vanquished Creatures
  Sigmund (D:5)
  Eustachio (D:5)
  A steam dragon (D:8)
  A water moccasin (D:7)
  An orc warrior (D:7)
  3 ice beasts
  A black bear (D:6)
  A centaur (D:6)
  2 phantoms
  A kobold brigand (Sewer)
  A bullfrog (D:8)
  3 scorpions
  6 killer bees
  2 howler monkeys
  3 bombardier beetles
  4 hounds
  A jelly (D:6)
  5 orc priests
  3 iguanas
  6 orc wizards
  A mummy (D:4)
  4 gnolls
  8 adders
  3 river rats
  A white imp (D:6)
  An ufetubus (D:5)
  2 dart slugs
  3 ribbon worms
  26 orcs
  3 bats
  6 endoplasms
  4 giant cockroaches
  8 goblins
  8 hobgoblins
  6 jackals
  6 quokkas
  5 ball pythons
  5 frilled lizards
  2 hobgoblin zombies (D:4)
  12 kobolds
  2 kobold zombies (D:4)
  6 rats
169 creatures vanquished.

Vanquished Creatures (collateral kills)
  A wight (D:8)
1 creature vanquished.

Grand Total: 170 creatures vanquished

Notes
Turn   | Place    | Note
-------+----------+-------------------------------------------
     0 | D:1      | seren the Octopode Shapeshifter began the quest for the
                  | Orb.
     0 | D:1      | Reached XP level 1. HP: 13/13 MP: 1/1
   114 | D:1      | Reached XP level 2. HP: 15/18 MP: 2/2
   384 | D:1      | Reached XP level 3. HP: 23/23 MP: 3/3
  1129 | D:2      | Reached XP level 4. HP: 18/29 MP: 4/4
  1922 | D:3      | Reached skill level 1 in Stealth
  2350 | D:3      | Reached XP level 5. HP: 34/34 MP: 5/5
  2759 | D:4      | Noticed a phantom
  2850 | D:4      | Killed a phantom
  2851 | D:4      | Reached XP level 6. HP: 26/41 MP: 6/6
  3310 | D:4      | Found a staircase to the Ecumenical Temple.
  3358 | Temple   | Entered the Ecumenical Temple
  3374 | Temple   | Became a worshipper of Nemelex Xobeh the Trickster
  3602 | D:5      | Entered Level 5 of the Dungeon
  3719 | D:5      | Reached XP level 7. HP: 44/46 MP: 7/7
  3727 | D:5      | Noticed Eustachio
  3978 | D:5      | Noticed Sigmund
  3985 | D:5      | Killed Sigmund
  4082 | D:5      | Found a glowing drain.
  4111 | Sewer    | Entered a sewer
  4204 | Sewer    | Reached skill level 5 in Unarmed Combat
  4204 | Sewer    | Reached XP level 8. HP: 53/54 MP: 8/8
  4338 | Sewer    | Found a white marble altar of Elyvilon.
  4709 | D:5      | Reached * piety under Nemelex Xobeh
  4709 | D:5      | Received a gift from Nemelex Xobeh
  4757 | D:5      | Killed Eustachio
  4930 | D:5      | Reached skill level 5 in Shapeshifting
  5290 | D:6      | Reached skill level 5 in Dodging
  5779 | D:6      | Reached skill level 5 in Stealth
  5834 | D:6      | Reached skill level 5 in Fighting
  5834 | D:6      | Reached skill level 1 in Invocations
  6069 | D:6      | Found a blossoming altar of Fedhas.
  6070 | D:6      | Found an opulent altar of Gozag.
  6160 | D:6      | Reached XP level 9. HP: 34/61 MP: 9/9
  6325 | D:6      | Found a radiant altar of Vehumet.
  6762 | D:7      | Reached skill level 1 in Evocations
  6944 | D:7      | Reached ** piety under Nemelex Xobeh
  7295 | D:7      | Received a gift from Nemelex Xobeh
  7387 | D:7      | Found a hide-covered altar of Uskayaw.
  7943 | D:8      | Found a hazy altar of Hepliaklqana.
  8025 | D:8      | Found a glowing silver altar of Zin.
  8233 | D:8      | Noticed a deep elf pyromancer
  8382 | D:8      | Noticed a hornet
  8396 | D:8      | Paralysed by a hornet for 1 turns
  8399 | D:7      | Paralysed by a hornet for 3 turns
  8403 | D:7      | HP: 1/59 [poisoned by a hornet]
  8403 | D:7      | Mangled by a hornet

Illustrated notes

Levels and vault maps discovered:
D:1:      tekkud_arrival_beachfront_property, layout_loops_ring,
          grunt_decor_resistance
D:2:      wad_lake_hut, layout_loops_ring
D:3:      layout_loops_cross
D:4:      layout_cave_pools, minmay_temple_entry_overgrown, minmay_mini_ossuary
D:5:      layout_basic, serial_corexii_hall, corexii_hall_statues_u,
          corexii_hall_statues_i, cheibrodos_sewer_entry_sluice,
          corexii_checkpoint, chequers_serial_rivers_marsh, st_stairs_5,
          uniq_eustachio, uniq_sigmund
D:6:      layout_loops_corners, mainiacjoe_overflow_six_doors_small,
          jmf_multi_god_temple
D:7:      layout_loops_ring, mainiacjoe_overflow_surrounded_room
D:8:      layout_gridville, amcnicky_altar_gilded, lemuel_doored_altar,
          minmay_circle_x
Temple:   dpeg_chambers_temple

Skill      XL: |  1  2  3  4  5  6  7  8  9 |
---------------+----------------------------+-----
Fighting       | 2 3 4 5 |  5.0
Stealth        | 1 2 3 4 5 6 |  6.0
Dodging        | 3 4 5 |  5.9
Unarmed Combat | 4 5 6 |  6.8
Shapeshifting  | 4 5 6 |  6.7
Invocations    | 1 2 |  2.8
Evocations     | 2 |  2.3

Action                     |  1- 3 |  4- 6 |  7- 9 || total
---------------------------+-------+-------+-------++-------
  Melee: Unarmed           |    69 |   122 |   281 ||   472
         Constrict         |    18 |    29 |    63 ||   110
         Tentacles         |    14 |    28 |    72 ||   114
         Punch             |     1 |     3 |     6 ||    10
  Throw: Javelin           |       |       |     6 ||     6
         Dart              |       |       |     2 ||     2
 Invoke: Draw Summoning    |       |       |     3 ||     3
         Draw Escape       |       |       |     1 ||     1
         Draw Destruction  |       |       |     1 ||     1
Ability: Begin Untransform |       |       |     1 ||     1
  Evoke: Wand              |       |       |     2 ||     2
    Use: Scroll            |       |     3 |     3 ||     6
         Potion            |       |       |     6 ||     6
   Stab: Sleeping          |     7 |    11 |     8 ||    26
 Armour: Skin              |    27 |    45 |   208 ||   280
  Dodge: Dodged            |    32 |    47 |   244 ||   323
   Form: Flux              |       |       |     1 ||     1

Table legend: (Time is in decaauts)
 A = Elapsed time spent in this place.
 B = Non-inter-level travel time spent in this place.
 C = Inter-level travel time spent in this place.
 D = Time resting spent in this place.
 E = Time spent auto-exploring this place.
 F = Levels seen in this place.
 G = Mean time per level.
                   A        B        C        D        E       F      G
               +--------+--------+--------+--------+--------+-----+--------+
         Total |   8396 |   7772 |    624 |   1253 |   3496 |  10 |  839.6 |
       Dungeon |   8081 |   7457 |    624 |   1166 |   3448 |   8 | 1010.1 |
        Temple |     30 |     30 |      0 |      0 |      0 |   1 |   30.0 |
         Sewer |    284 |    284 |      0 |     87 |     48 |   1 |  284.0 |
               +--------+--------+--------+--------+--------+-----+--------+

Top non-repeatable levels by time:
     D:6: 1697 daAuts
     D:2: 1200 daAuts
     D:5: 1090 daAuts
     D:3: 927 daAuts
     D:7: 900 daAuts
     D:4: 867 daAuts
     D:1: 709 daAuts
     D:8: 687 daAuts
   Sewer: 284 daAuts
  Temple: 30 daAuts
